Map: Old Sun Temple LE

Players

snotlout - Winner!

  • Race: Protoss Protoss
  • League: Master
  • Spawn Location: 11:00

RipNHammer

  • Race: Terran Terran
  • League: Master
  • Spawn Location: 5:00

VOD

Have the link to the VOD?

Description

Time

  • Played on: Sept. 7, 2026, 2:35 p.m.
  • Length: 15:11
Show
View Real Time Build Order
Export as new Build Order

snotlout Protoss - Winner!

Build Orders: Blink Stalkers 

Get SALT Encoding   

  8  0:00  Probe (Chrono Boost)  
  9  0:12  Probe (Chrono Boost)  
  10  0:18  Probe (Chrono Boost)  
  11  0:27  Probe  
  12  0:32  Pylon  
  12  0:39  Probe  
  13  0:51  Probe  
  13  0:56  Gateway  
  14  1:03  Probe (Chrono Boost)  
  15  1:06  Assimilator  
  15  1:12  Probe (Chrono Boost)  
  15  1:17  Probe (Chrono Boost)  
  17  1:29  Probe  
  18  1:46  Cybernetics Core  
  18  2:00  Nexus  
  18  2:11  Pylon  
  18  2:12  Probe  
  19  2:23  Warp Gate (Chrono Boost)  
  19  2:28  Stalker  
  22  2:30  Probe  
  21  2:42  Probe  
  22  2:44  Assimilator  
  22  2:54  Probe  
  22  2:55  Stalker  
  25  3:06  Probe  
  25  3:11  Twilight Council  
  26  3:18  Probe x2 (Chrono Boost)  
  28  3:26  Stalker  
  30  3:28  Probe x2 (Chrono Boost)  
  30  3:33  Probe x2 (Chrono Boost)  
  34  3:44  Probe  
  35  3:50  Blink (Chrono Boost)  
  35  3:52  Pylon  
  35  3:53  Probe  
  36  3:56  Probe  
  37  4:05  Probe  
  37  4:09  Probe, Gateway  
  39  4:14  Stalker (Chrono Boost)  
  41  4:18  Probe  
  41  4:22  Probe  
  43  4:30  Probe  
  44  4:35  Probe  
  45  4:42  Nexus  
  47  4:48  Stalker (Chrono Boost)  
  47  4:49  Probe  
  47  4:52  Pylon  
  50  5:00  Stalker (Chrono Boost)  
  50  5:10  Stalker, Probe x2  
  50  5:13  Gateway, Stalker  
  56  5:18  Robotics Facility  
  56  5:22  Probe x2  
  58  5:34  Probe x2  
  58  5:37  Assimilator  
  58  5:38  Assimilator  
  58  5:46  Charge (Chrono Boost)  
  58  5:50  Pylon  
  58  5:53  Stalker x2  
  58  5:54  Probe (Chrono Boost)  
  58  5:56  Probe (Chrono Boost)  
  65  5:58  Probe (Chrono Boost)  
  67  6:05  Probe x2 (Chrono Boost)  
  67  6:08  Probe (Chrono Boost)  
  67  6:09  Robotics Bay, Probe (Chrono Boost)  
  67  6:10  Probe (Chrono Boost)  
  69  6:12  Pylon  
  69  6:13  Sentry  
  69  6:18  Probe  
  73  6:19  Zealot x2  
  73  6:20  Probe  
  73  6:22  Probe  
  73  6:25  Zealot  
  79  6:30  Probe  
  76  6:33  Zealot x2  
  76  6:39  Zealot, Immortal (Chrono Boost)  
  82  6:45  Probe x2  
  87  6:49  Pylon  
  87  6:53  Probe  
  87  7:00  Probe  
  87  7:01  Probe  
  79  7:05  Pylon  
  79  7:08  Colossus (Chrono Boost)  
  73  7:09  Zealot x3  
  83  7:20  Extended Thermal Lance  
  83  7:22  Forge  
  83  7:23  Sentry x2  
  83  7:25  Zealot  
  89  7:30  Probe x3  
  92  7:40  Zealot  
  92  7:42  Zealot, Probe x2  
  92  7:43  Probe  
  99  7:47  Pylon  
  99  7:54  Probe  
  99  7:55  Probe x2  
  102  8:05  Colossus (Chrono Boost)  
  102  8:06  Probe  
  102  8:07  Zealot  
  111  8:13  Pylon  
  111  8:19  Protoss Ground Weapons Level 1 (Chrono Boost)  
  111  8:27  Nexus  
  111  8:28  Pylon  
  111  8:31  Zealot, Probe x3, Sentry  
  118  8:36  Gateway  
  118  8:37  Gateway  
  118  8:46  Zealot x2  
  118  8:48  Pylon, Probe  
  122  8:49  Probe  
  122  8:50  Probe  
  122  8:51  Sentry  
  127  8:59  Pylon  
  127  9:01  Assimilator  
  127  9:02  Assimilator  
  127  9:06  Sentry x3  
  127  9:07  Probe  
  127  9:08  Probe  
  135  9:11  Pylon, Forge  
  135  9:17  Colossus (Chrono Boost), Probe  
  135  9:22  Probe  
  143  9:26  Pylon  
  143  9:28  Photon Cannon  
  143  9:29  Probe x2  
  145  9:33  Zealot x2  
  145  9:37  Pylon  
  145  9:38  Sentry x2, Pylon, Protoss Ground Armor Level 1 (Chrono Boost)  
  153  9:41  Probe x3  
  153  9:43  Photon Cannon  
  156  9:47  Sentry x3  
  156  9:51  Pylon  
  160  9:57  Photon Cannon  
  154  10:04  Protoss Ground Weapons Level 2 (Chrono Boost)  
  154  10:06  Colossus (Chrono Boost)  
  160  10:08  Zealot x5  
  158  10:14  Pylon  
  138  10:37  Zealot x5  
  134  10:50  Zealot  
  134  10:54  Colossus  
  134  10:55  Probe x2  
  134  10:56  Gateway  
  142  10:58  Gateway  
  142  10:59  Stalker x4  
  142  11:00  Gateway x2  
  142  11:01  Probe x2  
  142  11:02  Gateway  
  142  11:03  Gateway  
  152  11:05  Gateway  
  152  11:07  Probe x2  
  152  11:10  Stalker  
  156  11:12  Stalker  
  156  11:13  Stalker  
  156  11:15  Templar Archives  
  160  11:18  Protoss Ground Armor Level 2 (Chrono Boost)  
  160  11:20  Zealot x2  
  160  11:24  Zealot  
  148  11:40  Zealot  
  148  11:41  Zealot x4  
  148  11:47  Colossus (Chrono Boost)  
  148  11:54  Zealot x8  
  148  11:56  Sentry  
  148  11:57  Sentry x2  
  160  12:06  Psionic Storm  
  146  12:13  Zealot x8  
  146  12:14  Zealot  
  156  12:22  Protoss Ground Weapons Level 3 (Chrono Boost)  
  144  12:32  Zealot  
  144  12:33  Zealot x2  
  144  12:34  High Templar x3  
  144  12:35  Zealot x4  
  170  12:48  Nexus  
  170  12:49  Pylon  
  168  12:52  Assimilator, Stalker x2  
  168  12:53  Stalker  
  168  12:56  Assimilator  
  168  13:06  Disruptor  
  168  13:12  Robotics Facility  
  160  13:14  Robotics Facility  
  160  13:22  Zealot  
  160  13:23  Zealot x4  
  160  13:24  Zealot  
  160  13:25  High Templar  
  160  13:26  High Templar  
  176  13:27  High Templar  
  176  13:28  Zealot  
  176  13:31  Nexus  
  180  13:41  Nexus  
  180  13:42  Disruptor  
  184  13:57  Probe (Chrono Boost)  
  184  13:58  Probe (Chrono Boost)  
  184  14:00  Probe (Chrono Boost)  
  184  14:02  Probe x2 (Chrono Boost)  
  189  14:05  Pylon  
  189  14:08  Probe (Chrono Boost)  
  189  14:09  Probe (Chrono Boost), Disruptor  
  193  14:10  Probe (Chrono Boost)  
  193  14:12  Probe (Chrono Boost)  
  193  14:13  Probe (Chrono Boost)  
  198  14:17  Nexus  
  198  14:20  Pylon  
  194  14:27  Archon  
  194  14:34  Probe  
  194  14:35  Probe x4  
  199  14:44  Gateway  
  199  14:46  Probe  
  199  14:47  Probe, Gateway  
  199  14:49  Gateway  
  199  14:51  Gateway  
  199  14:52  Probe x2, Pylon  
  200  14:53  Gateway  
Show
View Real Time Build Order
Export as new Build Order

RipNHammer Terran 

Build Orders: Reaper Expand 

Get SALT Encoding   

  8  0:00  SCV  
  9  0:12  SCV  
  10  0:24  SCV  
  11  0:36  SCV  
  11  0:40  Supply Depot  
  12  0:49  SCV  
  13  1:02  SCV  
  14  1:04  Barracks  
  14  1:06  Refinery  
  14  1:14  SCV  
  15  1:26  SCV  
  16  1:39  SCV  
  17  1:56  Orbital Command  
  17  1:57  Reaper  
  18  2:13  Command Center  
  18  2:23  SCV  
  19  2:38  Bunker  
  19  2:40  SCV  
  19  2:44  Barracks Reactor  
  20  2:47  Supply Depot  
  20  2:52  Barracks, SCV  
  21  3:01  Barracks  
  21  3:08  SCV  
  22  3:21  SCV  
  23  3:33  SCV, Orbital Command  
  24  3:35  Marine x2  
  24  3:40  Barracks Tech Lab  
  26  3:45  SCV  
  27  3:50  Barracks Tech Lab  
  27  3:57  SCV  
  27  3:58  Marine x2  
  27  3:59  Stimpack  
  27  4:00  SCV  
  31  4:09  SCV  
  32  4:11  Combat Shield, Supply Depot  
  32  4:12  Marine, SCV, Engineering Bay  
  32  4:14  Marine  
  35  4:20  Supply Depot  
  35  4:21  Marine, SCV  
  37  4:24  Marine  
  37  4:30  Marine  
  39  4:32  Marine  
  39  4:33  SCV  
  39  4:34  SCV  
  41  4:39  Terran Infantry Weapons Level 1  
  41  4:41  Marine  
  41  4:42  Marine  
  43  4:45  Supply Depot  
  43  4:49  Marauder  
  43  4:50  Marauder  
  47  4:53  SCV x2  
  47  4:59  Marine  
  50  5:00  Marine  
  50  5:05  SCV  
  50  5:06  SCV, Supply Depot  
  53  5:11  Missile Turret  
  54  5:16  Marauder  
  54  5:17  Marauder, SCV, Marine  
  54  5:18  SCV, Marine  
  61  5:27  Supply Depot  
  61  5:29  SCV  
  61  5:30  SCV  
  63  5:35  Concussive Shells  
  63  5:38  Marine  
  63  5:39  Marauder  
  63  5:40  Marine, Marauder  
  63  5:41  SCV  
  70  5:49  SCV  
  71  5:53  SCV  
  72  5:58  Marine x2  
  72  6:01  Supply Depot  
  72  6:02  SCV  
  72  6:03  Refinery x2  
  75  6:05  Marine, SCV  
  75  6:08  Supply Depot  
  77  6:11  Command Center  
  77  6:14  SCV  
  77  6:15  Marauder  
  77  6:16  Marine  
  77  6:17  SCV  
  82  6:22  Supply Depot  
  82  6:23  Marine  
  83  6:26  SCV  
  84  6:33  Marauder, Marine  
  84  6:35  SCV  
  84  6:36  Marine  
  84  6:38  SCV  
  90  6:40  Refinery  
  90  6:46  Marine  
  91  6:47  SCV  
  91  6:50  SCV  
  91  6:51  Marine  
  94  6:54  Marauder  
  94  6:59  SCV  
  84  7:13  Marine x2  
  84  7:14  Marauder, SCV  
  78  7:15  SCV  
  78  7:18  Factory  
  78  7:19  Barracks  
  79  7:25  Orbital Command  
  79  7:26  SCV, Marauder  
  79  7:29  SCV  
  83  7:31  Marine x2  
  83  7:32  Barracks  
  83  7:33  Supply Depot  
  83  7:34  Engineering Bay  
  83  7:35  Terran Infantry Armor Level 1  
  85  7:41  Marine  
  86  7:46  SCV x2  
  86  7:47  Marine  
  86  7:49  Barracks  
  86  7:50  SCV  
  90  8:00  Marine, Marauder  
  93  8:06  Factory Reactor  
  93  8:08  Starport, SCV x2  
  93  8:11  SCV  
  96  8:15  Barracks Reactor  
  96  8:17  Armory  
  96  8:20  SCV  
  96  8:21  Barracks Reactor  
  96  8:24  Marine x3, Marauder  
  96  8:25  SCV  
  103  8:27  Supply Depot  
  103  8:28  Supply Depot  
  104  8:34  SCV  
  104  8:39  Barracks Tech Lab, Missile Turret  
  104  8:40  Supply Depot  
  104  8:42  Missile Turret  
  104  8:49  Factory Reactor  
  104  8:51  Medivac x2  
  104  8:52  Orbital Command, SCV  
  109  9:00  Marine x3  
  109  9:01  Marauder x2, Marine x4  
  109  9:02  Missile Turret  
  120  9:04  SCV  
  120  9:07  SCV  
  122  9:16  SCV  
  124  9:17  SCV  
  124  9:19  SCV, Marine x3  
  124  9:22  Ghost Academy  
  124  9:24  Starport, Medivac x2  
  128  9:29  SCV x2  
  128  9:30  Supply Depot  
  128  9:31  Missile Turret  
  134  9:32  Supply Depot  
  134  9:34  SCV  
  134  9:35  Sensor Tower  
  134  9:36  Widow Mine x2  
  139  9:44  Marine x4, Marauder  
  139  9:45  Marauder  
  147  9:50  Refinery  
  144  10:00  Viking  
  146  10:10  Marine x2  
  146  10:11  Marauder, Viking  
  140  10:33  Marine x2  
  140  10:34  Marine, Marauder x2  
  122  10:36  Marine x2, Marauder  
  122  10:38  Marine  
  115  10:48  SCV x2  
  99  10:51  Marine x3  
  99  10:54  Viking x2, Marine x2  
  99  10:55  Marauder x2  
  99  10:56  Marine, Widow Mine x2  
  110  10:58  Marauder, Viking  
  110  11:00  SCV  
  114  11:05  SCV  
  114  11:09  Marine  
  116  11:13  SCV  
  116  11:16  Marine  
  116  11:17  Marine, Marauder, SCV  
  122  11:19  Marine, Marauder x2  
  122  11:20  Marine  
  122  11:23  Viking  
  122  11:24  Viking  
  122  11:25  SCV  
  131  11:29  SCV  
  123  11:33  Viking  
  108  11:48  Marine  
  108  11:49  Marine x3, Marauder x2  
  108  11:50  Marauder, Marine x2  
  101  12:06  Marine x2  
  101  12:07  Marine x2  
  101  12:08  Marine  
  93  12:10  Marauder  
  93  12:11  Marauder x2  
  84  12:17  Marine  
  80  12:24  Marine  
  80  12:29  SCV x2  
  83  12:31  Orbital Command  
  83  12:32  Marauder x2  
  83  12:33  Viking  
  89  12:38  Viking  
  89  12:41  SCV  
  89  12:43  SCV  
  93  12:46  Terran Infantry Weapons Level 2  
  91  12:53  Marine x2, SCV, Marauder  
  72  13:15  Marine x3  
  72  13:16  Marauder x3, Marine x3  
  81  13:26  Bunker  
  81  13:30  Supply Depot  
  81  13:31  Viking  
  83  13:37  Marauder  
  83  13:40  Marine x2, Marauder  
  89  14:11  Marine x2  
  89  14:12  Marauder  
  92  14:29  Orbital Command  
  89  14:31  SCV x2  
Tags
 
Add a new tag
Caveats
  • Supply blocks, unpowered buildings, or Contaminate may cause inaccurate times.
  • Supply counts are checked every 10 seconds.